 Dungeon Crawl Stone Soup version 0.22.0-6-g71bd7aa6b3 (webtiles) character file.

446 Jorund the Chopper (level 7, -2/55 HPs)
             Began as a Vine Stalker Fighter on Aug 15, 2018.
             Was a Follower of Okawaru.
             Slain by an iguana (4 damage)
             ... on level 4 of the Dungeon.
             The game lasted 00:06:38 (2818 turns).

Jorund the Chopper (Vine Stalker Fighter)           Turns: 2818, Time: 00:06:39

Health: -2/55      AC: 23    Str: 19    XL:     7   Next: 3%
Magic:  0/8        EV:  2    Int: 15    God:    Okawaru [*.....]
Gold:   178        SH:  0    Dex: 13    Spells: 6/6 levels left

rFire    . . .     SeeInvis .   a - +0 war axe
rCold    . . .     Gourm    .   (no shield)
rNeg     + + +     Faith    .   (armour currently unavailable)
rPois    +         Spirit   +   (helmet currently unavailable)
rElec    .         Reflect  .   (cloak currently unavailable)
rCorr    .         Harm     .   (gloves currently unavailable)
MR       .....     Clarity  +   (boots currently unavailable) Stlth +.........NoTele +
                                (no amulet)
HPRegen  0.58/turn              (no ring)
MPRegen  0.11/turn              (no ring)

@: brilliant, lethally poisoned (-2 -> -3), tree-form (expiring)
A: clarity, regeneration 1, magic shield, no potion heal 3, rot immunity,
MP-powered wands
a: Heroism, Renounce Religion


You were on level 4 of the Dungeon.
You worshipped Okawaru.
Okawaru was aware of your devotion.
You were not hungry.
You were a tree.
You visited 1 branch of the dungeon, and saw 4 of its levels.

You collected 178 gold pieces.

Inventory:

Hand Weapons
 a - a +0 war axe (weapon)
 j - a +0 mace of draining
Armour
 b - a +0 scale mail (melded)
 c - a +0 shield
 l - a cursed +0 chain mail
 n - the -4 helmet of the Wild Haggis {rF+, unknown}
   (You took it off Robin on level 4 of the Dungeon)

   It protects you from fire.
Scrolls
 e - 2 scrolls of remove curse
 k - a scroll of fog
Potions
 i - a potion of flight
Comestibles
 f - 8 rations


   Skills:
 + Level 4.0 Fighting
 + Level 4.8 Axes
 + Level 4.0 Armour
 - Level 2.6 Shields


You had 6 spell levels left.
You didn't know any spells.
Your spell library was empty.

Dungeon Overview and Level Annotations

Branches:
Dungeon (4/15)
 Temple: D:4-7

Altars:
Okawaru


Innate Abilities, Weirdness & Mutations

((You have extremely sharp teeth.))
Your natural rate of healing is unusually fast.
When hurt, damage is shared between your health and your magic reserves.
((Your bite disrupts and absorbs the magic of your enemies.))
Potions cannot restore your health.
You are immune to rotting.
((You have a pair of small horns on your head.))
You possess an exceptional clarity of mind.
You expend magic power (3 MP) to strengthen your wands.


Message History

The worker ant bites you but does no damage.
You slash the worker ant!
You kill the worker ant!
Okawaru accepts your kill.
Your Armour skill increases to level 4!
You have reached level 7!
You feel sick. The orc hits you but does no damage.
You slash the orc!
You kill the orc!
Okawaru accepts your kill.
The iguana bites you but does no damage.
You closely miss the iguana.
The iguana is moderately wounded.
The iguana bites you.
* * * LOW HITPOINT WARNING * * *
You hit the iguana but do no damage.
The iguana is moderately wounded.
Your transformation is almost over.
The iguana bites you.
You die...

####.##.......#
#....##.......#
#.#####.......#
#.# #.......# #.#
####.#### ####.###
#. #......#
#.##.#.######.# #
#♣##........... ##
.. #l####.#####...
.. ##.### #......#
##
......#####...####
#.......o.....#
........#.###.#
#.###.#...# #.#
#...#.# #.#
##.##.....#


You could see an iguana.

Vanquished Creatures
  An ogre (D:4)
  An orc wizard (D:4)
  4 worker ants
  Robin (D:4)
  7 gnolls
  5 adders
  2 oozes
  3 worms
  3 dart slugs
  A leopard gecko (D:4)
  8 orcs
  A ball python (D:4)
  8 bats
  5 giant cockroaches
  20 goblins
  11 hobgoblins
  4 kobolds (D:1)
  2 quokkas
  5 frilled lizards
  7 rats
99 creatures vanquished.

Notes
Turn   | Place    | Note
-------+----------+-------------------------------------------
     0 | D:1      | Jorund the Vine Stalker Fighter began the quest for the Orb.
     0 | D:1      | Reached XP level 1. HP: 11/11 MP: 2/2
    95 | D:1      | Reached XP level 2. HP: 16/16 MP: 3/3
   300 | D:1      | Reached XP level 3. HP: 19/20 MP: 4/4
   461 | D:1      | Found an iron altar of Okawaru.
   483 | D:1      | Became a worshipper of Warmaster Okawaru
  1177 | D:2      | Gained mutation: Your natural rate of healing is unusually fast. [Vine Stalker growth]
  1177 | D:2      | Reached XP level 4. HP: 11/24 MP: 5/5
  1628 | D:3      | Gained mutation: You have a pair of small horns on your head. [potion of mutation]
  1628 | D:3      | Gained mutation: You expend magic power (3 MP) to strengthen your wands. [potion of mutation]
  1628 | D:3      | Gained mutation: You possess an exceptional clarity of mind. [potion of mutation]
  1906 | D:3      | Reached XP level 5. HP: 26/28 MP: 6/6
  1963 | D:3      | Reached * piety under Okawaru
  2385 | D:4      | Reached XP level 6. HP: 24/33 MP: 4/7
  2446 | D:4      | Noticed Robin
  2468 | D:4      | Killed Robin
  2470 | D:4      | Got a shimmering helmet
  2807 | D:4      | HP: 2/49 [worker ant (2)]
  2812 | D:4      | HP: 2/49 [poisoned by a worker ant]
  2815 | D:4      | Reached XP level 7. HP: 4/37 MP: 1/8
  2817 | D:4      | HP: 1/55 [iguana (4)]
  2818 | D:4      | Slain by an iguana

Skill      XL: |  1  2  3  4  5  6 |
---------------+-------------------+-----
Axes           | 2 3 4 |  4.8
Fighting       | 3 4 |  4.0
Armour         | 3 4 |  4.0
Shields        | |  2.6

Action                   |  1- 3 |  4- 6 |  7- 9 || total
-------------------------+-------+-------+-------++-------
Melee: War axe           |    87 |   169 |     3 ||   259
       Bite              |    16 |    34 |       ||    50
       Headbutt          |       |    26 |       ||    26
  Use: Scroll            |     8 |     2 |       ||    10
       Potion            |       |     4 |       ||     4
  Eat: Chunk             |     1 |     6 |       ||     7
Armor: Scale mail        |    63 |    63 |       ||   126
       Skin              |       |     9 |     2 ||    11
Dodge: Dodged            |    58 |    84 |       ||   142
